 Dungeon Crawl Stone Soup version 0.30.1-9-gdf580d7c3d (webtiles) character file.

Game seed: 17942940189247860567

37 Electrofox the Chopper (level 3, -7/31 HPs)
             Began as a Minotaur Berserker on Oct 17, 2023.
             Was a Believer of Trog.
             Mangled by an iguana (13 damage)
             ... on level 4 of the Dungeon.
             The game lasted 00:04:16 (756 turns).

Electrofox the Chopper (Minotaur Berserker)          Turns: 756, Time: 00:04:17

Health: -7/31      AC:  2    Str: 23    XL:     3   Next: 21%
Magic:  2/2        EV: 12    Int:  4    God:    Trog [**....]
Gold:   79         SH:  0    Dex:  9    Spells: 2/2 levels left

rFire   . . .        a - +0 hand axe
rCold   . . .        (no shield)
rNeg    . . .        b - +0 animal skin
rPois   .            (helmet restricted)
rElec   .            (no cloak)
rCorr   .            (no gloves)
SInv    .            (no boots)
Will    .....        (no amulet)
Stlth   +            (no ring)
HPRegen 0.25/turn    (no ring)
MPRegen 0.08/turn

%: no passive effects
@: no status effects
A: horns 2, retaliatory headbutt
a: Renounce Religion, Berserk, Trog's Hand


You were on level 4 of the Dungeon.
You worshipped Trog.
Trog was pleased with you.
You visited 1 branch of the dungeon, and saw 3 of its levels.

You collected 79 gold pieces.

Inventory:

Hand Weapons
 a - a +0 hand axe (weapon)
Missiles
 e - 2 javelins (quivered)
Armour
 b - a +0 animal skin (worn)
 k - a +1 pair of gloves
Scrolls
 c - a scroll of identify {unknown}
 d - a scroll of poison {unknown}
 g - a scroll of fog {unknown}
 j - a scroll of amnesia {unknown}
Potions
 f - 2 potions of brilliance {unknown}
 h - a potion of curing {unknown}
 i - a potion of haste {unknown}


   Skills:
 - Level 3.6 Fighting
 + Level 5.2 Axes
 - Level 2.4 Armour
 - Level 2.2 Dodging


You had 2 spell levels left.
You didn't know any spells.
Your spell library was empty.

Dungeon Overview and Level Annotations

Branches:
Dungeon (2/15)             Temple (0/1) D:4

Altars:

Annotations:
D:4 Dowan, Duvessa, Sigmund


Innate Abilities, Weirdness & Mutations

You have a pair of horns on your head.
You reflexively headbutt those who attack you in melee.


Message History

You are outlined in light.
As you open the door, it creaks loudly! Dowan casts a spell at you.
The puff of flame misses you.
There is an open door here.
You close the door.
Dowan opens the door.
You open the door.
An iguana comes into view.
The iguana hisses angrily.
A dart slug comes into view.
There is an open door here.
An iguana comes into view.
Okay, then.
The iguana closely misses you. The iguana attacks as you move away!
The iguana barely misses you. You furiously retaliate!
You headbutt the iguana!
Found a stone staircase leading up.
The dart slug launches a dart at you. The slug dart misses you.
The iguana bites you but does no damage.
The iguana attacks as you move away!
The iguana bites you but does no damage.
Found 15 gold pieces.
The iguana closely misses you. You furiously retaliate!
You headbutt the iguana!
Sigmund casts a spell.
Sigmund flickers and vanishes!
Deactivating autopickup; reactivate with Ctrl-A.
The iguana attacks as you move away! The iguana bites you!
You are no longer glowing.
The iguana attacks as you move away! The iguana bites you.
The iguana attacks as you move away! The iguana barely misses you.
You furiously retaliate!
You headbutt the iguana.
Duvessa gestures with her weapon.
The iguana attacks as you move away! The iguana bites you!
* * * LOW HITPOINT WARNING * * *
Duvessa gestures with her weapon.
There is a stone staircase leading up here.
The iguana bites you!
You die...

...
...##############
..............$
#...........#
#...........#
#...........#
#..{......#
#####......w.l##
#...'.....ee.l@#
#.###.........##
#.# #....######
#.# ####..... #e#
#####..#
##e###.........
#......##.. #..
#.......... .#
#......#.##


You could see Duvessa, Dowan, 2 iguanas and a dart slug.

Vanquished Creatures
  A dart slug (D:1)
  3 ball pythons (D:1)
  4 bats (D:1)
  4 endoplasms (D:1)
  5 goblins (D:1)
  2 hobgoblins (D:1)
  4 jackals (D:1)
  2 frilled lizards (D:1)
  4 kobolds (D:1)
  2 rats (D:1)
31 creatures vanquished.

Notes
Turn   | Place    | Note
-------+----------+-------------------------------------------
     0 | D:1      | Electrofox the Minotaur Berserker began the quest for the
                  | Orb.
     0 | D:1      | Reached XP level 1. HP: 19/19 MP: 0/0
    59 | D:1      | Reached skill level 4 in Axes
   117 | D:1      | Reached XP level 2. HP: 23/26 MP: 1/1
   321 | D:1      | Reached skill level 5 in Axes
   321 | D:1      | Reached ** piety under Trog
   326 | D:1      | Reached XP level 3. HP: 31/31 MP: 2/2
   710 | D:2      | You fall into a shaft and drop 2 floors!
   711 | D:4      | Found a staircase to the Ecumenical Temple.
   714 | D:4      | Noticed Duvessa
   723 | D:4      | Noticed Sigmund
   727 | D:4      | Noticed Dowan
   756 | D:4      | Mangled by an iguana

Illustrated notes

Levels and vault maps discovered:
D:1:      kennysheep_arrival_seaside, layout_rooms, minmay_liquid_box
D:2:      layout_basic, basic_ecumenical_altar, hangedman_abyss_or_decor_stabs
D:4:      layout_basic, demons_altar, minmay_temple_entry_ruins,
          hangedman_decor_riveting, minmay_quantized, uniq_duvessa, uniq_sigmund

Skill      XL: |  1  2 |
---------------+-------+-----
Axes           | 4 5 |  5.2
Fighting       | |  3.6
Armour         | |  2.4
Dodging        | |  2.2

Action                     || total
---------------------------++-------
  Melee: Hand axe          ||    53
         Headbutt          ||     7
 Armour: Animal skin       ||    11
  Dodge: Dodged            ||    49
